 Dungeon Crawl Stone Soup version 0.23.1 (webtiles) character file.

Game seed: 17875968440625739901

56 Kairos the Sneak (level 3, 0/18 HPs)
             Began as a Vine Stalker Assassin on Mar 17, 2019.
             Slain by a worker ant (1 damage)
             ... on level 2 of the Dungeon.
             The game lasted 00:01:28 (784 turns).

Kairos the Sneak (Vine Stalker Assassin)             Turns: 784, Time: 00:01:28

Health: 0/18       AC:  3    Str: 13    XL:     3   Next: 97%
Magic:  0/4        EV: 12    Int: 11    God:
Gold:   87         SH:  0    Dex: 16    Spells: 2/2 levels left

rFire    . . .     SeeInvis .   a - +2 dagger
rCold    . . .     Gourm    .   (no shield)
rNeg     + . .     Faith    .   c - +0 robe
rPois    .         Spirit   +   (no helmet)
rElec    .         Reflect  .   o - +0 cloak
rCorr    .         Harm     .   (no gloves)
MR       .....                  (no boots)
Stlth    +++.......             (no amulet)
HPRegen  0.06/turn              s - ring of positive energy
MPRegen  0.09/turn              (no ring)

@: lethally poisoned (0 -> -12)
A: fangs 2, magic shield, antimagic bite, no potion heal 3, rot immunity
a: no special abilities


You were on level 2 of the Dungeon.
You were not hungry.

You visited 1 branch of the dungeon, and saw 2 of its levels.

You collected 87 gold pieces.

Inventory:

Hand Weapons
 a - a +2 dagger (weapon)
 b - a +0 blowgun
Missiles
 e - 8 poisoned needles
 f - 2 curare-tipped needles
Armour
 c - a +0 robe (worn)
 o - a +0 cloak (worn)
Jewellery
 s - a ring of positive energy (left hand)
Scrolls
 h - 2 scrolls of identify
 i - 3 scrolls of enchant weapon
 k - a scroll of enchant armour {unknown}
 l - a scroll of random uselessness {unknown}
 m - 3 scrolls of teleportation {unknown}
Potions
 d - 2 potions of agility {unknown}
 j - a potion of curing {unknown}
 n - a potion of heal wounds {unknown}
 p - a potion of flight {unknown}
 q - 2 potions of brilliance {unknown}
 r - a potion of might {unknown}
Comestibles
 g - 4 rations


   Skills:
 + Level 2.0 Fighting
 + Level 2.1 Short Blades
 + Level 1.8 Throwing
 + Level 1.1 Dodging
 + Level 6.1 Stealth


You had 2 spell levels left.
You didn't know any spells.
Your spell library was empty.

Dungeon Overview and Level Annotations

Branches:
Dungeon (2/15)

Altars:
Okawaru


Innate Abilities, Weirdness & Mutations

You have extremely sharp teeth.
When hurt, damage is shared between your health and your magic reserves.
Your bite disrupts and absorbs the magic of your enemies.
Potions cannot restore your health.
You are immune to rotting.


Message History

There is a lethal amount of poison in your body!
You hit the worker ant.
The worker ant is moderately wounded.
You feel sick. The worker ant misses you.
You closely miss the worker ant. Your bite misses the worker ant.
The worker ant is moderately wounded.
The worker ant barely misses you.
You hit the worker ant.
You bite the worker ant, but do no damage.
The worker ant is heavily wounded.
The worker ant bites you.
* * * LOW HITPOINT WARNING * * *
You are more poisoned.
The worker ant poisons you!
You hit the worker ant.
You bite the worker ant, but do no damage.
The worker ant is severely wounded.
* * * LOW HITPOINT WARNING * * *
You feel sick. The worker ant bites you.
You die...

..# #.# #.# #.# #.# #.# #a# #@#
#.# ### #.##### ..# #####.....##
#.# #..........###########
########.###.#####...............
....)........# ##...##########.
########.##### ##......# #.
###..........# ######.# #.


You could see a worker ant.

Vanquished Creatures
  An adder (D:2)
  A worm (D:2)
  2 dart slugs (D:1)
  A leopard gecko (D:2)
  2 giant cockroaches
  6 goblins
  6 hobgoblins
  2 quokkas (D:2)
  5 bats
  2 frilled lizards (D:2)
  2 kobolds
  6 rats
36 creatures vanquished.

Notes
Turn   | Place    | Note
-------+----------+-------------------------------------------
     0 | D:1      | Kairos the Vine Stalker Assassin began the quest for the
                  | Orb.
     0 | D:1      | Reached XP level 1. HP: 11/11 MP: 2/2
    48 | D:1      | Reached skill level 5 in Stealth
    94 | D:1      | Reached XP level 2. HP: 12/15 MP: 3/3
   422 | D:2      | Reached skill level 1 in Dodging
   428 | D:2      | Reached XP level 3. HP: 16/18 MP: 4/4
   460 | D:2      | Reached skill level 6 in Stealth
   562 | D:2      | Found an iron altar of Okawaru.
   784 | D:2      | Slain by a worker ant

Skill      XL: |  1  2  3 |
---------------+----------+-----
Stealth        | 5 6 |  6.1
Fighting       | 2 |  2.0
Dodging        | 1 |  1.1
Short Blades   | 2 |  2.1
Throwing       | |  1.8

Action                   || total
-------------------------++-------
Melee: Dagger            ||    94
       Bite              ||    25
  Use: Scroll            ||     1
 Stab: Sleeping          ||    11
Armor: Robe              ||    17
Dodge: Dodged            ||    42
